AoeStats
← BigOleGiraffe

Migration

509873193Analyzed
1v1 RM · 5d ago on Sep 28, 2026· 27m 14s· 2 players
Game mode
Random Map
Map size
132×132
Population
200
Speed
Normal
Resources
Standard
Victory
Conquest
Starting age
Dark Age
Ending age
Imperial Age
RankedLock teamsTeams togetherTeam positionsShared explorationLock speedFull tech treeHidden civsTurbo modeCheats
Victory
Defeat
🇫🇷 Berbers · France
1145
+16
🇨🇦 Persians · Canada
1144
-16
BigOleGiraffe
2:58 Loom
13:07 Feudal Age
14:28 Double-Bit Axe
18:16 Castle Age
16:24 Stone Mining
16:26 Gold Mining
19:10 Medium Warships
20:36 Fletching
22:47 Wheelbarrow
23:12 Fishing Lines
Rebi69
8:15 Loom
10:40 Feudal Age
12:16 Double-Bit Axe
17:02 Castle Age
18:04 Medium Warships
19:29 Wheelbarrow
27:32 Horse Collar
Connection lost

Rejoining the realm…

Still unreachable

The connection could not be restored.

Session expired

The server has moved on; the page needs a fresh start.